PBA
OAKLAND DUCKS @ SAN FRANCISCO SPOTS
05/22/1915
 
TOP OF THE 1ST
Oakland Ducks batting - Pitching for San Francisco Spots : RHP Rolla Bracebridge
Pitching: RHP Rolla Bracebridge
Batting: RHB Dominic Palmer 0-0: Ball
1-0: Ground out 6-3 (Groundball, 6M, EV 99.4 MPH)
Batting: RHB Winston Dyall 0-0: Ball
1-0: Ball
2-0: Called Strike
2-1: Foul Ball, location: 5SF
2-2: Fly out, F9 (Flyball, 9D, EV 85.0 MPH)
Batting: RHB Wilson Keetley 0-0: Ball
1-0: Foul Ball, location: 2F
1-1: Ground out 6-3 (Groundball, 6, EV 105.0 MPH)
Top of the 1st over - 0 runs, 0 hits, 0 errors, 0 left on base; Oakland 0 - San Francisco 0
BOTTOM OF THE 1ST
San Francisco Spots batting - Pitching for Oakland Ducks : RHP James Reeves
Pitching: RHP James Reeves
Batting: RHB Harry Francombe 0-0: Swinging Strike
0-1: Fly out, F6 (Popup, 6MD, EV 70.0 MPH)
Batting: RHB Eugene Fyson 0-0: Called Strike
0-1: Ball
1-1: Called Strike
1-2: SINGLE (Groundball, 15S, EV 73.1 MPH) (infield hit)
Batting: RHB William Loosemoor 0-0: Ball
1-0: Ball
2-0: Grounds into double play, 4-6-3 (Groundball, 34, EV 81.3 MPH)
Bottom of the 1st over - 0 runs, 1 hit, 0 errors, 0 left on base; Oakland 0 - San Francisco 0
TOP OF THE 2ND
Oakland Ducks batting - Pitching for San Francisco Spots : RHP Rolla Bracebridge
Batting: SHB Clarence Clark 0-0: Ball
1-0: Ground out U3 (Groundball, 3, EV 102.5 MPH)
Batting: RHB Walter Maillard 0-0: Ball
1-0: Called Strike
1-1: Foul Ball, location: 2F
1-2: Ball
2-2: Ball
3-2: SINGLE (Line Drive, 7S, EV 94.4 MPH)
Batting: SHB Melville Robinson 0-0: Called Strike
0-1: Ball
1-1: Ball
2-1: DOUBLE (Flyball, 78XD, EV 110.6 MPH)
Walter Maillard to third
Batting: RHB Toy Syratt 0-0: Fly out, F6 (Popup, 4MD, EV 66.9 MPH)
Batting: SHB Lewis Tunstall 0-0: SINGLE (Groundball, 34S, EV 84.4 MPH)
Walter Maillard scores
Melville Robinson to third
Runner from 3rd tries for Home, SAFE, throw by RF to home
Batting: RHB James Reeves 0-0: Ball
1-0: Ball
2-0: Called Strike
2-1: Ball
3-1: Swinging Strike
3-2: Base on Balls
Lewis Tunstall to second
Batting: RHB Dominic Palmer 0-0: Ball
1-0: Foul Ball, location: 7LDF
1-1: Swinging Strike
1-2: Ball
2-2: Strikes out looking
Top of the 2nd over - 2 runs, 3 hits, 0 errors, 2 left on base; Oakland 2 - San Francisco 0
BOTTOM OF THE 2ND
San Francisco Spots batting - Pitching for Oakland Ducks : RHP James Reeves
Batting: RHB Eino Fuller 0-0: Foul Ball, location: 2F
0-1: Ball
1-1: Ground out 5-3 (Groundball, 56S, EV 81.3 MPH)
Batting: RHB Ivory Moore 0-0: Ball
1-0: Ball
2-0: Ball
3-0: Base on Balls
Batting: LHB Marcelin Pennell 0-0: Ground out U3 (Groundball, 3S, EV 93.1 MPH)
Ivory Moore to second
Batting: RHB Walter Taylor 0-0: SINGLE (Line Drive, 9S, EV 95.6 MPH)
Ivory Moore to third
Runner from 3rd tries for Home, SAFE, throw by RF to home
Batting: RHB Ransom Godwin 0-0: Called Strike
0-1: Foul Ball, location: 2F
0-2: Ball
1-2: Foul Ball, location: 2F
1-2: Fielders Choice at 2nd, 5-4 (Groundball, 56, EV 104.4 MPH)
Bottom of the 2nd over - 1 run, 1 hit, 0 errors, 1 left on base; Oakland 2 - San Francisco 1
TOP OF THE 3RD
Oakland Ducks batting - Pitching for San Francisco Spots : RHP Rolla Bracebridge
Batting: RHB Winston Dyall 0-0: Called Strike
0-1: Foul Ball, location: 9LDF
0-2: Ground out 5-3 (Groundball, 56, EV 88.8 MPH)
Batting: RHB Wilson Keetley 0-0: Foul Ball, location: 2F
0-1: Ground out 6-3 (Groundball, 6, EV 88.8 MPH)
Batting: SHB Clarence Clark 0-0: Called Strike
0-1: Swinging Strike
0-2: Ball
1-2: Ball
2-2: Foul Ball, location: 2LF
2-2: Fly out, F8 (Flyball, 78M, EV 88.8 MPH)
Top of the 3rd over - 0 runs, 0 hits, 0 errors, 0 left on base; Oakland 2 - San Francisco 1
BOTTOM OF THE 3RD
San Francisco Spots batting - Pitching for Oakland Ducks : RHP James Reeves
Batting: RHB Rolla Bracebridge 0-0: Called Strike
0-1: Called Strike
0-2: Ball
1-2: Strikes out looking
Batting: RHB Harry Francombe 0-0: Called Strike
0-1: Ball
1-1: Ball
2-1: Ground out 4-3 (Groundball, 4, EV 88.1 MPH)
Batting: RHB Eugene Fyson 0-0: Foul Ball, location: 9LSF
0-1: Ball
1-1: Ball
2-1: Foul Ball, location: 2F
2-2: SINGLE (Line Drive, 78S, EV 100.6 MPH)
Batting: RHB William Loosemoor 0-0: Ball
1-0: Foul Ball, location: 2F
1-1: Foul Ball, location: 2RF
1-2: Ball
2-2: Foul Ball, location: 7LSF
2-2: Foul Ball, location: 2F
2-2: Foul Ball, location: 23FF
2-2: Ball
3-2: Foul Ball, location: 9LMF
3-2: Ground out 5-3 (Groundball, 5, EV 91.9 MPH)
Bottom of the 3rd over - 0 runs, 1 hit, 0 errors, 1 left on base; Oakland 2 - San Francisco 1
TOP OF THE 4TH
Oakland Ducks batting - Pitching for San Francisco Spots : RHP Rolla Bracebridge
Batting: RHB Walter Maillard 0-0: Called Strike
0-1: Fly out, F7 (Line Drive, 7, EV 90.6 MPH)
Batting: SHB Melville Robinson 0-0: Called Strike
0-1: DOUBLE (Flyball, 89D, EV 97.5 MPH)
Batting: RHB Toy Syratt 0-0: Ball
1-0: Called Strike
1-1: Fly out, F7 (Line Drive, 7, EV 100.6 MPH)
Batting: SHB Lewis Tunstall 0-0: Intentional Walk
Batting: RHB James Reeves 0-0: Ground out 4-3 (Groundball, 4MD, EV 103.8 MPH)
Top of the 4th over - 0 runs, 1 hit, 0 errors, 2 left on base; Oakland 2 - San Francisco 1
BOTTOM OF THE 4TH
San Francisco Spots batting - Pitching for Oakland Ducks : RHP James Reeves
Batting: RHB Eino Fuller 0-0: Ball
1-0: Foul Ball, location: 25F
1-1: Ball
2-1: SINGLE (Groundball, 34D, EV 102.5 MPH)
Batting: RHB Ivory Moore 0-0: Bunted foul
0-1: Bunted foul
0-2: SINGLE (Groundball, 6MD, EV 83.1 MPH) (infield hit)
Eino Fuller to second
Batting: LHB Marcelin Pennell 0-0: Sac Bunt to 15S - play at first, batter OUT! 1-3
Eino Fuller to third
Ivory Moore to second
Batting: RHB Walter Taylor 0-0: Ball
1-0: Foul Ball, location: 9LMF
1-1: Ground out 5-3 (Groundball, 56S, EV 87.5 MPH)
Eino Fuller scores
Batting: RHB Ransom Godwin 0-0: Intentional Walk
Batting: RHB Rolla Bracebridge 0-0: Foul Ball, location: 3FF
0-1: Ball
1-1: Called Strike
1-2: Strikes out swinging
Bottom of the 4th over - 1 run, 2 hits, 0 errors, 2 left on base; Oakland 2 - San Francisco 2
TOP OF THE 5TH
Oakland Ducks batting - Pitching for San Francisco Spots : RHP Rolla Bracebridge
Batting: RHB Dominic Palmer 0-0: Fly out, F8 (Flyball, 8RD, EV 91.9 MPH)
Batting: RHB Winston Dyall 0-0: Fly out, F8 (Flyball, 8LS, EV 95.0 MPH)
Batting: RHB Wilson Keetley 0-0: TRIPLE (Flyball, 8RXD, EV 98.8 MPH)
Batting: SHB Clarence Clark 0-0: Called Strike
0-1: Foul Ball, location: 25F
0-2: Ball
1-2: Ball
2-2: Ball
3-2: Strikes out swinging
Top of the 5th over - 0 runs, 1 hit, 0 errors, 1 left on base; Oakland 2 - San Francisco 2
BOTTOM OF THE 5TH
San Francisco Spots batting - Pitching for Oakland Ducks : RHP James Reeves
Batting: RHB Harry Francombe 0-0: Called Strike
0-1: Called Strike
0-2: Strikes out swinging
Batting: RHB Eugene Fyson 0-0: Ball
1-0: Swinging Strike
1-1: Ground out 6-3 (Groundball, 6, EV 85.0 MPH)
Batting: RHB William Loosemoor 0-0: Reached via error on a dropped throw from 1B, E1 (Groundball, 34, EV 84.4 MPH)
Batting: RHB Eino Fuller 0-0: Called Strike
0-1: Ball
1-1: Fly out, F6 (Line Drive, 6, EV 66.9 MPH)
Bottom of the 5th over - 0 runs, 0 hits, 1 error, 1 left on base; Oakland 2 - San Francisco 2
TOP OF THE 6TH
Oakland Ducks batting - Pitching for San Francisco Spots : RHP Rolla Bracebridge
Batting: RHB Walter Maillard 0-0: Foul Ball, location: 2F
0-1: Foul Ball, location: 7LDF
0-2: Ball
1-2: Foul Ball, location: 3F
1-2: TRIPLE (Line Drive, 7D, EV 108.8 MPH)
Batting: SHB Melville Robinson 0-0: Fly out, F5 (Popup, 5SF, EV 72.5 MPH)
Batting: RHB Toy Syratt 0-0: Called Strike
0-1: Called Strike
0-2: Ball
1-2: Foul Ball, location: 23F
1-2: Strikes out swinging
Batting: SHB Lewis Tunstall 0-0: Intentional Walk
Batting: RHB James Reeves 0-0: Called Strike
0-1: Fly out, F9 (Flyball, 9S, EV 95.6 MPH)
Top of the 6th over - 0 runs, 1 hit, 0 errors, 2 left on base; Oakland 2 - San Francisco 2
BOTTOM OF THE 6TH
San Francisco Spots batting - Pitching for Oakland Ducks : RHP James Reeves
Batting: RHB Ivory Moore 0-0: Ball
1-0: Ball
2-0: Ball
3-0: Called Strike
3-1: Base on Balls
Batting: LHB Marcelin Pennell 0-0: Ball
1-0: Sac Bunt to P - play at first, batter OUT! 1-3
Ivory Moore to second
Batting: RHB Walter Taylor 0-0: Ball
1-0: Ball
2-0: Foul Ball, location: 5FF
2-1: Ground out 6-3 (Groundball, 6, EV 91.9 MPH)
Batting: RHB Ransom Godwin 0-0: Intentional Walk
Batting: RHB Rolla Bracebridge 0-0: Called Strike
0-1: Swinging Strike
0-2: Fielders Choice at 3rd, U5 (Groundball, 5, EV 109.4 MPH)
Bottom of the 6th over - 0 runs, 0 hits, 0 errors, 1 left on base; Oakland 2 - San Francisco 2
TOP OF THE 7TH
Oakland Ducks batting - Pitching for San Francisco Spots : RHP Rolla Bracebridge
Batting: RHB Dominic Palmer 0-0: Ground out 1-5-3 (Groundball, 15S, EV 96.9 MPH)
Batting: RHB Winston Dyall 0-0: Ball
1-0: Ball
2-0: Ball
3-0: Called Strike
3-1: Swinging Strike
3-2: Base on Balls
Batting: RHB Wilson Keetley 0-0: Ball
Winston Dyall steals 2nd base
1-0: Ground out 4-3 (Groundball, 34, EV 106.9 MPH)
Winston Dyall to third
Batting: SHB Clarence Clark 0-0: Ball
1-0: Called Strike
1-1: Called Strike
1-2: Strikes out swinging
Top of the 7th over - 0 runs, 0 hits, 0 errors, 1 left on base; Oakland 2 - San Francisco 2
BOTTOM OF THE 7TH
San Francisco Spots batting - Pitching for Oakland Ducks : RHP James Reeves
Batting: RHB Harry Francombe 0-0: Called Strike
0-1: Fly out, F8 (Flyball, 89M, EV 95.6 MPH)
Batting: RHB Eugene Fyson 0-0: Foul Ball, location: 3DF
0-1: Called Strike
0-2: Ball
1-2: Ball
2-2: SINGLE (Line Drive, 78S, EV 98.1 MPH)
Batting: RHB William Loosemoor 0-0: Ball
1-0: Ball
2-0: Called Strike
2-1: Called Strike
2-2: Ball
3-2: Fly out, F7 (Flyball, 7S, EV 80.0 MPH)
Batting: RHB Eino Fuller 0-0: Called Strike
0-1: Called Strike
0-2: Ball
1-2: Ball
2-2: Foul Ball, location: 2F
2-2: DOUBLE (Line Drive, 78D, EV 106.3 MPH)
Eugene Fyson to third
Runner from 3rd tries for Home, SAFE, no throw by LF
Batting: RHB Ivory Moore 0-0: Foul Ball, location: 5F
0-1: Called Strike
0-2: Ball
1-2: Ball
2-2: Foul Ball, location: 9LSF
2-2: Foul Ball, location: 2F
2-2: Foul Ball, location: 5FF
2-2: Ball
3-2: Fly out, F8 (Flyball, 8LXD, EV 105.0 MPH)
Bottom of the 7th over - 1 run, 2 hits, 0 errors, 1 left on base; Oakland 2 - San Francisco 3
TOP OF THE 8TH
Oakland Ducks batting - Pitching for San Francisco Spots : RHP Rolla Bracebridge
Batting: RHB Walter Maillard 0-0: Ball
1-0: Called Strike
1-1: SINGLE (Line Drive, 5D, EV 94.4 MPH)
Batting: SHB Melville Robinson 0-0: Sac Bunt to 23 - play at first, batter OUT! 3-4
Walter Maillard to second
Batting: RHB Toy Syratt 0-0: Ball
1-0: Ball
2-0: Ball
3-0: Called Strike
3-1: Base on Balls
Batting: SHB Lewis Tunstall 0-0: Called Strike
0-1: Foul Ball, location: 9LDF
0-2: Strikes out swinging
Pinch Hitting: LHB Wilburn Stowe 0-0: Ball
1-0: Fly out, F6 (Line Drive, 6M, EV 61.3 MPH)
Top of the 8th over - 0 runs, 1 hit, 0 errors, 2 left on base; Oakland 2 - San Francisco 3
BOTTOM OF THE 8TH
San Francisco Spots batting - Pitching for Oakland Ducks : RHP James Reeves
Pitching: RHP Angelo Tolley
Batting: LHB Marcelin Pennell 0-0: Ball
1-0: Ball
2-0: Ground out 4-3 (Groundball, 34D, EV 102.5 MPH)
Batting: RHB Walter Taylor 0-0: Ground out 6-3 (Groundball, 6M, EV 107.5 MPH)
Batting: RHB Ransom Godwin 0-0: Called Strike
0-1: Swinging Strike
0-2: Ball
1-2: Ball
2-2: Strikes out swinging
Bottom of the 8th over - 0 runs, 0 hits, 0 errors, 0 left on base; Oakland 2 - San Francisco 3
TOP OF THE 9TH
Oakland Ducks batting - Pitching for San Francisco Spots : RHP Rolla Bracebridge
Now at 1B: Edward Anderson
Batting: RHB Dominic Palmer 0-0: Ball
1-0: SINGLE (Line Drive, 78M, EV 102.5 MPH)
Batting: RHB Winston Dyall 0-0: Sac Bunt to 25 - play at first, batter OUT! 5-3
Dominic Palmer to second
Pinch Hitting: LHB Teodoro Mylott 0-0: Foul Ball, location: 5FF
0-1: Ball
1-1: Ball
2-1: 2-RUN HOME RUN (Flyball, 8LXD, EV 111.9 MPH), Distance : 423 ft
Pitching: RHP Floyd Martin
Batting: SHB Clarence Clark 0-0: Ground out 5-3 (Groundball, 5L, EV 85.6 MPH)
Batting: RHB Walter Maillard 0-0: Ball
1-0: SINGLE (Line Drive, 56D, EV 98.1 MPH)
Batting: SHB Melville Robinson 0-0: Swinging Strike
0-1: Ball
1-1: SINGLE (Groundball, 34D, EV 101.3 MPH)
Walter Maillard to second
Runner from 2nd tries for 3rd, SAFE, throw by RF made to third
Melville Robinson to second
Batting: RHB Toy Syratt 0-0: Foul Ball, location: 7LDF
0-1: Fly out, F8 (Flyball, 8RD, EV 105.6 MPH)
Top of the 9th over - 2 runs, 4 hits, 0 errors, 2 left on base; Oakland 4 - San Francisco 3
BOTTOM OF THE 9TH
San Francisco Spots batting - Pitching for Oakland Ducks : RHP Angelo Tolley
Now at 3B: Ewell Jenkins
Pinch Hitting: RHB Garfield Smead 0-0: Foul Ball, location: 5FF
0-1: Foul Ball, location: 9LDF
0-2: Strikes out swinging
Pinch Hitting: RHB Charles Matthews 0-0: Ground out 4-3 (Groundball, 34S, EV 81.9 MPH)
Batting: RHB Eugene Fyson 0-0: Called Strike
0-1: Called Strike
0-2: Ball
1-2: Ball
2-2: Fly out, F7 (Line Drive, 7S, EV 93.1 MPH)
Bottom of the 9th over - 0 runs, 0 hits, 0 errors, 0 left on base; Oakland 4 - San Francisco 3
Thursday, November 7th , 2024 - OOTP Baseball 25.10 Build 95